 Dungeon Crawl Stone Soup version 0.27.0-1-g7a089689b8 (webtiles) character file.

Game seed: 11679174658766718621

511 SkeletonJelly the Carver (level 6, -2/51 HPs)
             Began as a Draconian Monk on Aug 10, 2021.
             Was an Elder of Wu Jian.
             Slain by a hound skeleton (3 damage)
             ... on level 4 of the Dungeon.
             The game lasted 00:08:54 (4409 turns).

SkeletonJelly the Carver (Draconian Monk)           Turns: 4409, Time: 00:08:55

Health: -2/51      AC:  3    Str: 20    XL:     6   Next: 99%
Magic:  6/6        EV: 12    Int: 10    God:    Wu Jian [****..]
Gold:   108        SH:  0    Dex: 15    Spells: 5/5 levels left

rFire    . . .     SeeInvis +   r - +0 long sword
rCold    . . .     Faith    .   (no shield)
rNeg     . . .     Spirit   .   (armour unavailable)
rPois    .         Reflect  .   (helmet restricted)
rElec    .         Harm     .   (no cloak)
rCorr    .         Rampage  .   l - +0 pair of gloves
Will     .....                  (no boots)
Stlth    ++........             (no amulet)
HPRegen  0.17/turn              i - ring of see invisible
MPRegen  0.10/turn              t - +6 ring of strength

@: corroded
A: AC +6, unfitting armour, cold-blooded
a: Renounce Religion, Wall Jump, Serpent's Lash


You were on level 4 of the Dungeon.
You worshipped Wu Jian.
Wu Jian was greatly pleased with you.
You visited 1 branch of the dungeon, and saw 4 of its levels.

You collected 108 gold pieces.

Inventory:

Hand Weapons
 a - a +0 falchion
 h - a +3 dagger
 r - a +0 long sword (weapon)
Missiles
 u - 8 boomerangs (quivered)
Armour
 l - a +0 pair of gloves (worn)
Jewellery
 i - a ring of see invisible (left hand)
 t - a +6 ring of strength (right hand)
Wands
 s - a wand of digging (6)
Scrolls
 c - 2 scrolls of teleportation {unknown}
 f - a scroll of blinking {unknown}
 g - a scroll of fog {unknown}
 k - a scroll of magic mapping {unknown}
 m - 2 scrolls of brand weapon {unknown}
 n - a scroll of fear {unknown}
 o - a scroll of noise {unknown}
 p - a scroll of acquirement {unknown}
 q - a scroll of immolation {unknown}
 v - a scroll of identify {unknown}
Potions
 b - 2 potions of haste {unknown}
 d - a potion of might {unknown}
 e - 2 potions of attraction {unknown}
 j - 5 potions of curing


   Skills:
 - Level 3.2 Fighting
 + Level 8.0 Long Blades
 - Level 2.6 Dodging
 - Level 1.7 Stealth


You had 5 spell levels left.
You didn't know any spells.
Your spell library contained the following spells:

 Spells                   Type           Power      Damage    Failure   Level
 Call Canine Familiar     Summ           0%         N/A       75%         3
 Gell's Gravitas          Tloc           0%         N/A       75%         3
 Portal Projectile        Hex/Tloc       0%         N/A       75%         3
 Teleport Other           Tloc           0%         N/A       75%         3
 Leda's Liquefaction      Hex/Erth       0%         N/A       98%         4
 Dispersal                Tloc           0%         N/A       100%        6


Dungeon Overview and Level Annotations

Branches:
Dungeon (4/15)             Temple (0/1) D:4

Altars:
Qazlal
Wu Jian

Shops:
D:4 *

Annotations:
D:4 2 transporters, Ijyb; SnakkuSnakku7's ghost, amateur TrFE


Innate Abilities, Weirdness & Mutations

Your plain brown scales are hard. (AC +6)
You cannot fit into any form of body armour.
You are cold-blooded and may be slowed by cold attacks.


Message History

You completely miss the hornet zombie.
Your tail-slap misses the hornet zombie.
The hornet zombie is heavily damaged.
The hornet zombie hits you.
You completely miss the hornet zombie.
The hornet zombie is heavily damaged.
The hornet zombie closely misses you. x2
You closely miss the hornet zombie.
Your tail-slap misses the hornet zombie.
The hornet zombie is heavily damaged.
The hornet zombie closely misses you.
You riposte.
You slash the hornet zombie!
The hornet zombie is severely damaged.
You hit the hornet zombie but do no damage.
You tail-slap the hornet zombie.
The hornet zombie is almost destroyed.
The hornet zombie hits you.
You hit the hornet zombie but do no damage.
The hornet zombie is almost destroyed.
The hornet zombie hits you.
You hit the hornet zombie.
The hornet zombie is almost destroyed.
The hornet zombie hits you! The hornet zombie hits you.
You are too injured to fight recklessly!
You are too injured to fight recklessly!
You are too injured to fight recklessly!
You are too injured to fight recklessly!
You slash the hornet zombie!
You destroy the hornet zombie!
The Council accepts your kill.
Your Long Blades skill increases to level 8!
Key pressed, stopping explore.
Key pressed, stopping explore.
Key pressed, stopping explore.
Key pressed, stopping explore.
You now have 108 gold pieces (gained 9).
Key pressed, stopping explore.
Key pressed, stopping explore.
Found a staircase to the Ecumenical Temple.
Key pressed, stopping explore.
Ijyb the Twisted Goblin comes into view.
She is wielding a +0 club and carrying a wand of iceblast (9).
A dart slug comes into view.
Ijyb shouts!
You hear a shout!
Ijyb screams, "Get away!"
Ijyb zaps a wand.
The mass of ice explodes!
The iceblast engulfs you!
A jelly comes into view.
You lunge at Ijyb.
You slash Ijyb!
Ijyb is moderately wounded.
Ijyb closely misses you.
You spin and attack Ijyb.
You barely miss Ijyb.
Ijyb is moderately wounded.
The dart slug bites you but does no damage.
Ijyb hits you but does no damage.
You spin and attack Ijyb.
You barely miss Ijyb. You tail-slap Ijyb.
Ijyb is heavily wounded.
Ijyb completely misses you. The dart slug launches a dart at you.
The slug dart hits you.
You lunge at the dart slug.
You slash the dart slug!
You kill the dart slug!
The Council accepts your kill.
You spin and attack Ijyb.
You hit Ijyb but do no damage.
Ijyb is heavily wounded.
An orc comes into view. It is wielding a +0 club.
The jelly hits you. The acid corrodes you!
You are splashed with acid.
Ijyb hits you but does no damage.
You spin and attack Ijyb.
You hit Ijyb.
Ijyb is severely wounded.
Ijyb drinks a potion.
Ijyb is healed!
You spin and attack Ijyb.
You hit Ijyb. You tail-slap Ijyb, but do no damage.
Ijyb is heavily wounded.
Ijyb hits you with a +0 club.
A hound skeleton comes into view.
Aiming: Wall Jump
Press: ? - help, Dir - move target You repeatedly attack the jelly from above.
You hit the jelly.
Your hands burn!
The jelly is lightly wounded.
You slash the jelly!
Your hands burn!
The jelly is almost dead.
You repeatedly attack Ijyb from above.
You barely miss Ijyb.
Ijyb is heavily wounded.
You hit Ijyb but do no damage.
Ijyb is heavily wounded.
The jelly hits you.
You are splashed with acid!
* * * LOW HITPOINT WARNING * * *
Ijyb hits you with a +0 club.
* * * LOW HITPOINT WARNING * * *
The jelly hits you but does no damage. Ijyb screams, "I dance on your bones!"
Ijyb hits you with a +0 club.
* * * LOW HITPOINT WARNING * * *
You spin and attack Ijyb.
You hit Ijyb.
Your tail-slap misses Ijyb.
Ijyb is heavily wounded.
You spin and attack the jelly.
You hit the jelly.
You kill the jelly!
The Council accepts your kill. Ijyb hits you with a +0 club.
* * * LOW HITPOINT WARNING * * *
The hound skeleton bites you.
You die...

.##.#..≈.......≈...#
.......≈.......≈...#
##..#.#≈#.....#≈#..##
W#....#≈≈≈≈≈≈≈≈≈#...#
.#.#..###.....###..##
.#.#..............##
.#.# #.# .##......###
.#.#
.......#.o....#...
.... ##g@Z...... ..
#.........
#...........
.##....#..........#
..#..............##
..............### #.
....>.......##
#.####[...##.....
)........# #.##...
... #.


You could see Ijyb, an orc and a hound skeleton.

Vanquished Creatures
  Menkaure (D:4)
  A hornet zombie (D:4)
  2 ogres (D:4)
  A jelly (D:4)
  3 adders (D:2)
  2 worms
  3 dart slugs
  3 orcs (D:3)
  7 ball pythons
  5 bats
  11 endoplasms
  9 goblins
  10 hobgoblins
  3 jackals (D:3)
  10 kobolds
  2 quokkas
  4 frilled lizards
  6 rats
83 creatures vanquished.

Notes
Turn   | Place    | Note
-------+----------+-------------------------------------------
     0 | D:1      | SkeletonJelly the Draconian Monk began the quest for the
                  | Orb.
     0 | D:1      | Reached XP level 1. HP: 19/19 MP: 1/1
   309 | D:1      | Reached XP level 2. HP: 26/26 MP: 2/2
   436 | D:1      | Reached skill level 4 in Long Blades
   955 | D:1      | Reached XP level 3. HP: 28/31 MP: 3/3
  1642 | D:2      | Found a faded altar of an unknown god.
  1692 | D:2      | Became a worshipper of the Wu Jian Council
  1692 | D:2      | Reached * piety under Wu Jian
  1692 | D:2      | Reached ** piety under Wu Jian
  1707 | D:2      | You fall into a shaft and drop 1 floor!
  1746 | D:3      | Reached *** piety under Wu Jian
  2073 | D:2      | Reached XP level 4. HP: 38/38 MP: 4/4
  2080 | D:2      | Reached skill level 5 in Long Blades
  2561 | D:2      | Found a stormy altar of Qazlal.
  3670 | D:4      | Noticed an ogre
  3688 | D:4      | Killed an ogre
  3689 | D:4      | Reached skill level 6 in Long Blades
  3689 | D:4      | Reached XP level 5. HP: 45/45 MP: 5/5
  3700 | D:4      | Noticed an ogre
  3715 | D:4      | Killed an ogre
  3716 | D:4      | Reached XP level 6. HP: 23/51 MP: 6/6
  3902 | D:4      | Noticed Menkaure
  3910 | D:4      | Killed Menkaure
  3911 | D:4      | Reached skill level 7 in Long Blades
  4071 | D:4      | Found Kyolliocuu's Assorted Antiques.
  4081 | D:4      | Reached **** piety under Wu Jian
  4104 | D:4      | Found a transporter.
  4106 | D:4      | Found a transporter.
  4107 | D:4      | Noticed SnakkuSnakku7's ghost (amateur TrFE)
  4146 | D:4      | Reached skill level 8 in Long Blades
  4369 | D:4      | Found a staircase to the Ecumenical Temple.
  4397 | D:4      | Noticed Ijyb
  4409 | D:4      | HP: 1/51 [Ijyb (5)]
  4409 | D:4      | Slain by a hound skeleton

Illustrated notes

Levels and vault maps discovered:
D:1:      lightli_arrival_statue_moat, layout_basic
D:2:      minmay_alternating_diamond, layout_rooms,
          ebering_ecumenical_altar_abandoned, basic_altar
D:3:      layout_basic
D:4:      layout_cave_pools, minmay_temple_entry_water_ring, serial_shops,
          nicolae_shop_trees, gammafunk_ghost_mausoleum, minivault_25,
          uniq_ijyb, uniq_menkaure

Skill      XL: |  1  2  3  4  5  6 |
---------------+-------------------+-----
Long Blades    | 4 6 8 |  8.0
Fighting       | |  3.2
Dodging        | |  2.6
Stealth        | |  1.7

Action                   |  1- 3 |  4- 6 || total
-------------------------+-------+-------++-------
Melee: Falchion          |   130 |    79 ||   209
       Tailslap          |     9 |    18 ||    27
       Long sword        |       |    68 ||    68
Invok: Whirlwind         |    14 |    48 ||    62
       Lunge             |     6 |    16 ||    22
 Abil: Wall Jump         |       |     7 ||     7
 Stab: Sleeping          |     4 |     4 ||     8
       Distracted        |       |     1 ||     1
Armor: Skin              |    45 |    39 ||    84
Dodge: Dodged            |    76 |    73 ||   149
       Rpst.: Falchion   |    26 |    14 ||    40
       Long sword        |       |     9 ||     9
